[Event "Turkey IS Bank Super League 2017"]
[Site "Darica-Kocaeli"]
[Date "2017.07.30"]
[Round "6"]
[White "Arda, Cagil Irmak"]
[Black "Ayazmali, Gizem"]
[Result "1/2-1/2"]
[ECO "C25"]
[WhiteElo "2080"]
[BlackElo "1849"]
[Annotator "NA"]
[PlyCount "94"]
[EventType "team-tourn"]
[EventCountry "TUR"]
[SourceTitle "playchess.com"]
[Source "ChessBase"]
[SourceQuality "1"]
[TimeControl "40/5400+30:1800+30"]

1. e4 e5 2. Nc3 Bc5 3. g3 Nc6 4. Bg2 Nge7 {[%emt 0:00:30] C25: Vienna Game: Alternatives to 2...Nf6} (4... a6 5. Nge2 d6 6. O-O Nge7 7. Nd5 O-O 8. c3 Nxd5 9. exd5 Ne7 10. d4 exd4 11. Nxd4 Nf5 12. Nf3 Qf6 13. b4 {0-1 (44) Adhiban,B (2670)-Yu,Y (2749) Khanty-Mansiysk 2017}) 5. Nge2 O-O 6. d3 d6 7. Na4 Bb6 8. Nxb6 axb6 9. O-O f5 10. Be3 $146 ({Predecessor:} 10. Nc3 f4 11. Nb5 Ng6 12. c4 Rf7 13. Bd2 {1-0 (48) Yilmaz,M (2288)-Buker,M (2166) Ankara 2008}) 10... d5 11. f4 dxe4 12. dxe4 Qxd1 13. Rfxd1 fxe4 14. Bxe4 Bf5 15. Bd3 Bxd3 16. cxd3 (16. Rxd3 $11 Nf5 17. Bd2) 16... Nb4 17. Bf2 exf4 18. Nxf4 Ned5 19. Nxd5 Nxd5 20. a3 Rae8 21. Re1 Rxe1+ 22. Rxe1 Kf7 23. Bd4 $11 g6 24. Kg2 Re8 25. Re4 Re6 26. Kf3 Rc6 27. Re2 Nf6 28. Bxf6 Kxf6 29. Kg4 Rc1 30. Kf4 Rc5 31. g4 Rd5 32. Re3 Rd4+ 33. Kg3 Rd5 34. Kf4 Rd4+ 35. Kg3 Rd5 36. Kf4 Rb5 37. Re2 g5+ 38. Ke3 Re5+ 39. Kd2 Rxe2+ 40. Kxe2 Ke5 41. Ke3 Kd5 42. b3 c5 43. a4 Ke5 44. h3 h6 45. Ke2 Kd4 46. Kd2 Ke5 47. Ke3 Kd5 1/2-1/2

[Event "Turkey IS Bank Super League 2017"]
[Site "Darica-Kocaeli"]
[Date "2017.07.30"]
[Round "6"]
[White "Yassibag, Ipek Asli"]
[Black "Onur, Cigdem"]
[Result "1/2-1/2"]
[ECO "B21"]
[WhiteElo "1880"]
[BlackElo "1699"]
[Annotator "NA"]
[PlyCount "86"]
[EventType "team-tourn"]
[EventCountry "TUR"]
[SourceTitle "playchess.com"]
[Source "ChessBase"]
[SourceQuality "1"]
[TimeControl "40/5400+30:1800+30"]

1. e4 c5 2. d4 cxd4 3. c3 d3 4. Bxd3 Nc6 5. Nf3 d6 6. h3 g6 7. O-O Bg7 8. Bc4 Nf6 9. Qe2 O-O 10. Rd1 Qc7 11. Na3 a6 12. Bf4 Nd7 13. Rac1 b5 14. Bb3 Nc5 $11 15. Bd5 Bb7 16. Qd2 Rad8 17. b4 Na4 18. Bh6 Ne5 19. Nd4 Nb6 20. Bxg7 Kxg7 21. f4 Nxd5 22. exd5 Nc4 23. Nxc4 Qxc4 24. Nf3 Rc8 25. Qd4+ Qxd4+ 26. Rxd4 Rc7 27. Nd2 Rfc8 28. Rd3 Ba8 29. Kf2 Ra7 30. Nb3 Rc4 31. g3 Rac7 32. a3 Rc8 33. Nd2 R4c7 34. Nb3 Rc4 35. Nd2 R4c7 36. Ne4 Ra7 37. a4 a5 38. axb5 axb4 39. c4 Ra2+ 40. Ke3 Ra5 41. Kd2 Ra2+ 42. Ke3 Ra5 43. Kd2 Ra2+ 1/2-1/2

[Event "Turkey IS Bank Super League 2017"]
[Site "Darica-Kocaeli"]
[Date "2017.07.30"]
[Round "6"]
[White "Incecik, Seyma Zeynep"]
[Black "Ayan, Bengu Sena"]
[Result "1/2-1/2"]
[ECO "A07"]
[WhiteElo "1804"]
[BlackElo "1862"]
[Annotator "NA"]
[PlyCount "135"]
[EventType "team-tourn"]
[EventCountry "TUR"]
[SourceTitle "playchess.com"]
[Source "ChessBase"]
[SourceQuality "1"]
[TimeControl "40/5400+30:1800+30"]

1. b3 d5 2. Bb2 Bg4 3. g3 e6 4. Bg2 Nf6 5. Nf3 Nbd7 6. d3 (6. h3 $5 Bxf3 7. Bxf3 $11) 6... Bd6 7. Nbd2 O-O 8. O-O c6 {[%emt 0:02:30] LiveBook: 328 Games} 9. Re1 {[%emt 0:03:30] A07: Réti Opening: New York and Capablanca Systems} (9. h3 Bxf3 10. Nxf3 Qe7 11. a3 Rfd8 12. c4 Rac8 13. Qc2 a6 14. Rfe1 e5 15. e4 dxe4 16. dxe4 Nf8 17. c5 Bxc5 18. Bxe5 Ne6 19. Qb2 {0-1 (60) Adly,A (2684)-Vladimirov,Y (2589) Pavlodar 2015}) 9... Re8 10. Rc1 e5 {[%emt 0:35:30] 6} 11. e4 {[%emt 0:38:30] 6} d4 $146 ({Predecessor:} 11... dxe4 12. dxe4 Bb4 13. a3 Ba5 14. b4 Bc7 15. Nc4 b5 16. Ncd2 a5 {½-½ (30) Kostoglotova,V-Grebenyuk,A (2118) Dagomys 2004}) 12. h3 Bh5 13. a3 b6 (13... Nc5 $15) 14. g4 Bg6 15. Nh4 (15. c3 $5 ) 15... Nf8 16. f4 exf4 17. Ndf3 N6d7 18. Bxd4 Bxa3 19. Ra1 Bb4 20. Re2 Bc5 {[%emt 0:01:30] ]} 21. Bxc5 Nxc5 {[%emt 0:00:30] 7} 22. b4 Ncd7 {[%emt 0:04:30] 3} 23. c3 c5 {[%emt 0:03:30] 1} 24. Nxg6 Nxg6 {[%emt 0:00:30] 4} 25. b5 Nf6 {[%emt 0:00:30] 5} 26. c4 Ne5 27. Nxe5 Rxe5 28. Rea2 Qd7 29. Qf3 g5 30. Ra6 Qd6 31. Kh1 Qc7 32. Qf2 h5 33. Bf3 Kg7 34. Kg2 hxg4 35. hxg4 Qd7 36. Qe2 Qc8 37. Rxa7 Rxa7 38. Rxa7 Qb8 39. Ra1 Qd6 40. Qc2 {[%emt 0:00:00] 0} Nd7 {[%emt 0:01:20] 0} 41. Rd1 {[%emt 0:12:25] 0} Nf8 {[%emt 0:01:30] 0} 42. Qb2 {[%emt 0:02:02] [#]} Ne6 $1 {[%emt 0:01:30] ]} 43. Qf2 (43. Rh1 $142) 43... Nd4 {[%emt 0:02:30] 4} 44. Rh1 Re8 {[%emt 0:03:30] 3} 45. Rh5 f6 {[%emt 0:02:30] 2} 46. Rh3 Qd7 {[%emt 0:04:30] 1} 47. Rh1 Qa7 48. Qb2 Qd7 $2 (48... Ra8 $19 49. Rh3 Nxf3 50. Kxf3 Qd7) 49. Qf2 Rh8 50. Rxh8 Kxh8 51. Qb2 Nxf3 52. Qxf6+ Kh7 53. Kxf3 Qxd3+ 54. Kf2 Qg3+ 55. Kf1 Qf3+ 56. Kg1 Qxg4+ 57. Kh1 $2 (57. Kf1 $11 {and White is okay.}) 57... Qf3+ $17 (57... Qd1+ $19 58. Kh2 Qe2+ 59. Kh3 Qf3+ 60. Kh2 Qxe4 61. Qxb6 Qxc4 62. Qb7+ Kh6 63. Qc6+ Kh5 64. Qe8+ Kg4 65. Qd7+ Kf3 66. Qh3+ Ke4) 58. Kg1 Qxe4 59. Qxb6 Qe1+ 60. Kg2 Qe2+ 61. Kh1 f3 62. Qc7+ Kg6 63. Qd6+ Kg7 64. Qd7+ Kg6 65. Qd6+ Kh5 66. Qh2+ Kg4 67. Qg1+ Kf5 68. Qxc5+ 1/2-1/2

[Event "Turkey IS Bank Super League 2017"]
[Site "Darica-Kocaeli"]
[Date "2017.07.30"]
[Round "6"]
[White "Yurdakul, Didem Nuray"]
[Black "Ozbay, Ece"]
[Result "1/2-1/2"]
[ECO "B22"]
[WhiteElo "1697"]
[BlackElo "1970"]
[Annotator "NA"]
[PlyCount "163"]
[EventType "team-tourn"]
[EventCountry "TUR"]
[SourceTitle "playchess.com"]
[Source "ChessBase"]
[SourceQuality "1"]
[TimeControl "40/5400+30:1800+30"]

1. e4 c5 2. Nf3 e6 3. c3 Nf6 4. e5 Nd5 5. d4 cxd4 6. cxd4 d6 7. a3 g6 8. Bd3 Nc6 9. O-O Bg7 10. Re1 O-O {[%emt 0:03:30] B22: Sicilian: 2 c3} 11. Nbd2 (11. Bd2 Qb6 12. Nc3 Nxd4 13. Nxd5 exd5 14. Bb4 Nxf3+ 15. Qxf3 Bxe5 16. Rxe5 dxe5 17. Qxd5 Re8 18. Bc3 {0-1 (31) Zovko,M (2323)-Markus,R (2649) Sibenik 2016}) 11... dxe5 12. dxe5 Nf4 13. Bc2 Nd3 14. Bxd3 Qxd3 15. Qb3 $146 ({Predecessor:} 15. Qa4 Ne7 16. Qf4 b6 17. Ne4 Bb7 18. Nf6+ Bxf6 19. Qxf6 {0-1 (33) Jackson,J (2311)-Sundararajan,K (2429) Douglas 2016}) 15... Rd8 {[%emt 0:33:00] 3} 16. Qxd3 {[%emt 0:34:00] 3} Rxd3 {[%emt 0:00:30] 3} 17. b4 {[%emt 0:00:30] 3} b6 {[%emt 0:10:30] 3} 18. Bb2 {[%emt 0:03:30] 3} Bb7 19. Rac1 Bh6 20. Rc2 Rad8 21. Ne4 Ne7 22. Nfg5 Rd1 23. Rc1 Bxe4 24. Rcxd1 Rxd1 25. Rxd1 Bxg5 26. Rd8+ Kg7 27. Rd7 Nd5 28. Rxa7 Bc2 29. g3 Bd2 30. Ra8 b5 31. Bd4 g5 32. Bc5 g4 33. Bf8+ Kg6 34. Bd6 Kf5 35. Rf8 f6 36. exf6 Nxf6 37. Be7 Bc3 38. Rc8 Nd5 39. Bd6 Ke4 40. Re8 {[%emt 0:00:00] ]} e5 41. Rg8 Kf3 ({Black should play} 41... Bd4 $17 42. Bc5 Nf6) 42. Rc8 (42. Rf8+ $11 Ke4 43. Rh8) 42... e4 43. Rc5 $2 {[%emt 0:02:30] 6} (43. Bc5 $17) 43... Bb3 44. Rxb5 {[%emt 0:03:10] [#]} e3 $2 (44... Be1 $1 $19 45. Bc5 e3 46. Bxe3 Nxe3 47. fxe3 Bf2+ 48. Kh1 Bc2) 45. fxe3 Be1 $1 46. Kf1 Bc4+ 47. Kxe1 Bxb5 48. e4 Kxe4 49. Kf2 Nc3 50. Bf4 Nb1 51. Kg2 Bd7 52. a4 Kd5 53. a5 Kc6 54. Kf2 Kb5 55. Bd6 Nc3 56. Ke3 Nd5+ 57. Ke4 Nxb4 $2 (57... Bc6 $19 58. Kf5 Bd7+ 59. Ke5 Nxb4 60. Bxb4 Kxb4) 58. Bxb4 Kxb4 59. a6 Kb5 60. a7 Bc6+ 61. Kf4 Kb6 62. Kxg4 Kxa7 63. h4 Be4 64. Kg5 Kb6 65. g4 Kc6 66. Kh6 Kd6 67. h5 Ke6 68. g5 Kf7 69. g6+ Bxg6 70. hxg6+ hxg6 71. Kg5 Kg7 72. Kg4 Kf6 73. Kf4 g5+ 74. Kg4 Kg6 75. Kg3 Kh5 76. Kh3 g4+ 77. Kg3 Kg5 78. Kg2 Kf4 79. Kf2 $11 g3+ 80. Kg2 Kg4 81. Kg1 Kh3 82. Kh1 1/2-1/2

[Event "Turkey IS Bank Super League 2017"]
[Site "Darica-Kocaeli"]
[Date "2017.07.30"]
[Round "6"]
[White "Kose, Ulya"]
[Black "Kargaci, Humeyra"]
[Result "1/2-1/2"]
[ECO "C80"]
[WhiteElo "1591"]
[BlackElo "1737"]
[Annotator "NA"]
[PlyCount "86"]
[EventType "team-tourn"]
[EventCountry "TUR"]
[SourceTitle "playchess.com"]
[Source "ChessBase"]
[SourceQuality "1"]
[TimeControl "40/5400+30:1800+30"]

1. e4 e5 2. Nf3 Nc6 3. Bb5 a6 4. Ba4 Nf6 5. O-O Nxe4 6. Re1 Nc5 7. Nxe5 Be7 8. Nc3 Nxe5 9. Rxe5 O-O 10. d4 Nxa4 11. Nxa4 Bf6 12. Re1 d5 13. Nc3 Qd6 14. Be3 c6 15. a3 Bf5 16. Ne2 Rfe8 17. Qd2 Qd7 18. Ng3 Bg6 19. Bf4 h5 20. Bg5 Rxe1+ 21. Rxe1 Qd8 22. Bxf6 Qxf6 23. Qb4 Rb8 24. c3 h4 25. Nf1 h3 26. Ng3 hxg2 27. Kxg2 Be4+ 28. Nxe4 dxe4 29. Rxe4 Qg6+ 30. Kf3 Qh5+ 31. Kg2 Rd8 32. Qe7 Rd5 33. Re5 Rxe5 34. Qxe5 Qg6+ 35. Kf3 Qd3+ 36. Qe3 Qf5+ 37. Ke2 Qb5+ 38. Kd1 Qxb2 39. Qe8+ Kh7 40. Qxf7 Qxc3 41. Qh5+ Kg8 42. Qe8+ Kh7 43. Qh5+ Kg8 1/2-1/2